 Dungeon Crawl Stone Soup version 0.27.1 (webtiles) character file.

Game seed: 8650185402441409790

9508 boopmooplesden the Cleaver (level 11, -12/97 HPs)
             Began as a Minotaur Fighter on Aug 31, 2021.
             Was a Believer of Ashenzari.
             Mangled by Snorg (18 damage)
             ... on level 10 of the Dungeon.
             The game lasted 00:17:54 (7332 turns).

boopmooplesden the Cleaver (Minotaur Fighter)       Turns: 7332, Time: 00:17:55

Health: -12/97     AC: 16    Str: 23    XL:     11   Next: 24%
Magic:  10/10      EV: 15    Int:  5    God:    Ashenzari [**....]
Gold:   591        SH: 13    Dex: 19    Spells: 10/10 levels left

rFire    . . .     SeeInvis +   a - +2 war axe
rCold    + + +     Faith    .   c - +0 kite shield "Gaze Upon Infinity" {Alch, Range} (curse)
rNeg     . . .     Spirit   .   r - +1 chain mail of the Blessed Realm {Contam Harm rC+++ Dex+2}
rPois    .         Reflect  .   (helmet restricted)
rElec    .         Harm     +   J - +1 cloak of the Eternal Sorrow {Comp, Elem} (curse)
rCorr    .         Rampage  .   q - +0 pair of gloves "Failure of Ashenzari" {Evo, Range} (curse)
Will     .....                  (no boots)
Stlth    ..........             e - amulet of regeneration
HPRegen  1.26/turn              u - +6 ring of dexterity
MPRegen  0.12/turn              x - ring of Desmomancy {EV+4, Cun, Alch} (curse)

@: no status effects
A: horns 2, retaliatory headbutt
a: Renounce Religion, Shatter the Chains


You were on level 10 of the Dungeon.
You worshipped Ashenzari.
Ashenzari was pleased with you.
You visited 2 branches of the dungeon, and saw 11 of its levels.
You also visited: Bailey.

You collected 591 gold pieces.

Inventory:

Hand Weapons
 a - a +2 war axe (weapon)
 D - a +3 morningstar of freezing
 G - a +1 vorpal battleaxe
Missiles
 p - 65 poisoned darts (quivered)
 w - 5 throwing nets
 F - 6 boomerangs
Armour
 b - a +0 scale mail
 c - the cursed +0 kite shield "Gaze Upon Infinity" (worn) {Alch, Range}

   It has a curse which improves the following skills: Alchemy: Poison Magic and
   Transmutations.
   Ranged Combat: Slings, Bows, Crossbows and Throwing.
 l - the +0 scale mail of Durable Tender Moments {Dex+3}
   (You found it on level 4 of the Dungeon)

   Dex:       It affects your dexterity (+3).
 n - a +0 chain mail
 q - the cursed +0 pair of gloves "Failure of Ashenzari" (worn) {Evo, Range}
   (You found it on level 5 of the Dungeon)

   It has a curse which improves the following skills: Evocations: Evocations.
   Ranged Combat: Slings, Bows, Crossbows and Throwing.
 r - the +1 chain mail of the Blessed Realm (worn) {Contam Harm rC+++ Dex+2}
   (You found it on level 6 of the Dungeon)

   Dex:       It affects your dexterity (+2).
   rC:        It renders you almost immune to cold.
   Contam:    It causes magical contamination when unequipped.
   Harm:      It increases damage dealt and taken.
 v - the +4 chain mail of Gluttony {+Inv Str-5 Int+5 Slay+2}
   (You found it on level 7 of the Dungeon)

   Str:       It affects your strength (-5).
   Int:       It affects your intelligence (+5).
   Slay:      It affects your accuracy & damage with ranged weapons and melee
   (+2).
   +Inv:      It lets you turn invisible.
 H - a +10 plate armour of ponderousness
 J - the cursed +1 cloak of the Eternal Sorrow (worn) {Comp, Elem}
   (You took it off Maurice on level 9 of the Dungeon)

   It has a curse which improves the following skills: Companions: Summonings
   and Necromancy.
   Elements:  Fire Magic, Ice Magic, Air Magic and Earth Magic.
 L - the +6 plate armour of the Three Defenders {Harm rC- Int+4}
   (You found it in a bailey)

   Int:       It affects your intelligence (+4).
   rC:        It makes you vulnerable to cold.
   Harm:      It increases damage dealt and taken.
Jewellery
 e - an amulet of regeneration (around neck)
 i - a ring of magical power
 u - a +6 ring of dexterity (left hand)
 x - the cursed ring of Desmomancy (right hand) {EV+4, Cun, Alch}
   (You found it on level 7 of the Dungeon)

   [ring of evasion]

   EV:        It affects your evasion (+4).
   It has a curse which improves the following skills: Cunning: Dodging and
   Stealth.
   Alchemy:   Poison Magic and Transmutations.
 A - a +6 ring of strength
 E - a ring of resist corrosion
Wands
 j - a wand of digging (8)
 t - a wand of iceblast (10)
 B - a wand of paralysis (12)
 C - a wand of polymorph (15)
 I - a wand of flame (12)
Scrolls
 h - 10 scrolls of identify
 y - 4 scrolls of teleportation
 z - 2 scrolls of fear
 K - a scroll of fog
 N - a scroll of enchant armour
Potions
 d - a potion of might
 f - 2 potions of flight
 g - 3 potions of mutation
 k - a potion of brilliance
 m - a potion of curing
 o - 2 potions of resistance
 s - 2 potions of cancellation
 O - a potion of magic
Miscellaneous
 M - a condenser vane


   Skills:
 + Level 9.2 Fighting
 + Level 12.7 Axes
 + Level 0.6(1.7) Throwing
 + Level 10.0 Armour
 + Level 5.2(6.6) Dodging
 + Level 0.2(0.5) Stealth
 + Level 10.0 Shields
 + Level 0.7(1.4) Evocations


You had 10 spell levels left.
You didn't know any spells.
Your spell library contained the following spells:

 Spells                   Type           Power      Damage    Failure   Level
 Animate Skeleton         Necr           0%         N/A       99%         1
 Apportation              Tloc           0%         N/A       99%         1
 Corona                   Hex            0%         N/A       99%         1
 Sandblast                Erth           0%         2d4       99%         1
 Summon Small Mammal      Summ           0%         N/A       99%         1
 Corpse Rot               Necr/Air       N/A        N/A       100%        2
 Ensorcelled Hibernation  Hex/Ice        0%         N/A       100%        2
 Passwall                 Tmut/Erth      0%         N/A       100%        2
 Poisonous Vapours        Pois/Air       0%         N/A       100%        2
 Gell's Gravitas          Tloc           0%         N/A       100%        3
 Spider Form              Tmut/Pois      0%         N/A       100%        3
 Teleport Other           Tloc           0%         N/A       100%        3
 Tukima's Dance           Hex            0%         N/A       100%        3
 Passage of Golubria      Tloc           N/A        N/A       100%        4
 Petrify                  Tmut/Erth      0%         N/A       100%        4
 Freezing Cloud           Conj/Ice/Air   0%         6-21      100%        5
 Lee's Rapid Deconstruct  Erth           0%         3d5*      100%        5
 Metabolic Englaciation   Hex/Ice        0%         N/A       100%        5
 Yara's Violent Unravell  Hex/Tmut       0%         3d3       100%        5
 Dispersal                Tloc           0%         N/A       100%        6
 Shadow Creatures         Summ           N/A        N/A       100%        6
 Statue Form              Tmut/Erth      0%         N/A       100%        6


Dungeon Overview and Level Annotations

Branches:
Dungeon (10/15)            Temple (1/1) D:7            Lair (0/6) D:8
 Bailey (visited)
    Orc: D:9-12

Altars:
Ashenzari
Cheibriados
Dithmenos
Elyvilon
Fedhas
Gozag
Hepliaklqana
Kikubaaqudgha
Makhleb
Nemelex Xobeh
Okawaru
Qazlal
Ru
Sif Muna
Trog
Uskayaw
Vehumet
Wu Jian
Xom
Yredelemnul
Zin
The Shining One

Shops:
D:6 !

Annotations:
D:10 Snorg


Innate Abilities, Weirdness & Mutations

You have a pair of horns on your head.
You reflexively headbutt those who attack you in melee.


Message History

You see here 20 bolts.
You see here 6 large rocks.
Found a potion of lignification.
z - 2 scrolls of fear (gained 1)
You see here a potion of lignification.
Snorg the Insatiable comes into view.
Snorg shouts!
Snorg misses you. Snorg claws you. Snorg misses you.
You slice Snorg!! You headbutt Snorg!
Snorg is moderately wounded.
Snorg goes berserk!
You hit Snorg. You headbutt Snorg!
Snorg is heavily wounded.
Snorg bites you!
You block Snorg's attack. x2; Snorg barely misses you.
You furiously retaliate!
You headbutt Snorg. Snorg claws you. Snorg claws you!
You hit Snorg. Your headbutt misses Snorg.
Snorg is heavily wounded.
Snorg bites you but does no damage. You block Snorg's attack. x2
You slash Snorg!
Snorg is severely wounded.
Snorg misses you. You block Snorg's attack. Snorg claws you but does no damage.
You hit Snorg. You headbutt Snorg.
Snorg is severely wounded.
You block Snorg's attack. Snorg claws you but does no damage. Snorg claws you!
Snorg bites you! Snorg misses you. Snorg claws you but does no damage.
Your shield and chain mail of the Blessed Realm prevent you from hitting Snorg.
Snorg is severely wounded.
Snorg bites you!!
* * * LOW HITPOINT WARNING * * *
You block Snorg's attack. Snorg misses you.
You hit Snorg.
Snorg is severely wounded.
You block Snorg's attack. Snorg claws you!
* * * LOW HITPOINT WARNING * * *
You block Snorg's attack. Snorg barely misses you.
Snorg claws you but does no damage. Snorg closely misses you.
You barely miss Snorg.
Snorg is severely wounded.
You block Snorg's attack. Snorg claws you!
You die...

######## , , * , * , *
*
#####################.#
.......!........@T....#
#####################.#
**


You could see Snorg (berserk).

Vanquished Creatures
  Nergalle (D:10)
  A cyclops (D:9)
  Maurice (D:9)
  A komodo dragon (D:10)
  A troll (D:9)
  A hornet (D:8)
  Grinder (D:6)
  A wraith (D:9)
  11 yaks
  A shadow (D:10)
  Grum (D:10)
  A steam dragon (D:9)
  A water moccasin (D:8)
  4 sky beasts
  2 orc warriors
  4 ogres (D:6)
  2 black bears
  2 wolves (D:10)
  6 centaurs
  4 bullfrogs (D:8)
  A kobold brigand (D:6)
  10 gnoll sergeants
  2 scorpions (D:6)
  A water moccasin zombie (D:5)
  2 wyvern skeletons
  15 killer bees (D:9)
  8 wights
  A bullfrog zombie (D:5)
  A centaur zombie (D:5)
  5 hounds
  2 bullfrog skeletons
  A jelly (D:6)
  2 centaur skeletons
  6 gnoll shamans (Bailey)
  2 iguanas
  3 orc wizards
  A killer bee zombie (D:7)
  A hound zombie (D:5)
  A hound skeleton (D:4)
  3 howler monkey zombies
  A howler monkey skeleton (D:4)
  15 adders
  22 gnolls
  2 shadow imps (D:5)
  A white imp (D:4)
  An ufetubus (D:6)
  4 worms
  5 dart slugs
  13 orcs
  10 ball pythons
  2 bats
  9 endoplasms
  4 giant cockroaches
  9 goblins
  7 hobgoblins
  3 jackals (D:5)
  3 quokkas
  2 frilled lizards (D:1)
  15 kobolds
  6 rats
249 creatures vanquished.

Vanquished Creatures (others)
  6 fungi (D:8)
  9 plants (D:8)
15 creatures vanquished.

Grand Total: 264 creatures vanquished

Notes
Turn   | Place    | Note
-------+----------+-------------------------------------------
     0 | D:1      | boopmooplesden the Minotaur Fighter began the quest for the
                  | Orb.
     0 | D:1      | Reached XP level 1. HP: 19/19 MP: 0/0
    50 | D:1      | Reached XP level 2. HP: 14/27 MP: 1/1
   562 | D:1      | Reached XP level 3. HP: 33/33 MP: 2/2
   891 | D:2      | Reached skill level 3 in Axes
  1180 | D:2      | Reached XP level 4. HP: 40/40 MP: 3/3
  1317 | D:3      | Found a snail-covered altar of Cheibriados.
  1632 | D:4      | Noticed a sky beast
  1640 | D:4      | Reached skill level 4 in Axes
  1649 | D:4      | Killed a sky beast
  1650 | D:4      | Reached skill level 1 in Dodging
  1650 | D:4      | Reached XP level 5. HP: 33/47 MP: 4/4
  1678 | D:4      | Identified the +0 scale mail of Durable Tender Moments
                  | {Dex+3}
  1726 | D:4      | Reached skill level 5 in Armour
  1914 | D:4      | Reached skill level 5 in Shields
  1914 | D:4      | Reached XP level 6. HP: 53/53 MP: 5/5
  1964 | D:4      | Reached skill level 5 in Axes
  2008 | D:4      | Found a glowing golden altar of the Shining One.
  2445 | D:5      | Entered Level 5 of the Dungeon
  2587 | D:5      | Noticed a sky beast
  2611 | D:5      | Killed a sky beast
  2612 | D:5      | Reached XP level 7. HP: 50/60 MP: 6/6
  2633 | D:5      | Reached skill level 5 in Fighting
  2633 | D:5      | Reached skill level 6 in Axes
  2729 | D:5      | Found a glowing silver altar of Zin.
  3192 | D:5      | Reached skill level 7 in Axes
  3357 | D:6      | Reached XP level 8. HP: 55/68 MP: 7/7
  3391 | D:6      | Noticed Grinder
  3419 | D:6      | Killed Grinder
  3499 | D:6      | Reached skill level 8 in Axes
  3505 | D:6      | Found Usogh's Distillery.
  3526 | D:6      | Identified the +1 chain mail of the Blessed Realm {Contam
                  | Harm rC+++ Dex+2}
  3741 | D:6      | Reached XP level 9. HP: 67/75 MP: 8/8
  4106 | D:5      | Reached skill level 9 in Axes
  4249 | D:7      | Found a staircase to the Ecumenical Temple.
  4291 | Temple   | Entered the Ecumenical Temple
  4519 | Temple   | Became a worshipper of Ashenzari the Shackled
  4586 | D:7      | Identified the +4 chain mail of Gluttony {+Inv Str-5 Int+5
                  | Slay+2}
  4956 | D:8      | Reached skill level 10 in Axes
  5030 | D:8      | Found a staircase to the Lair.
  5177 | D:8      | Paralysed by a hornet for 3 turns
  5181 | D:8      | Reached XP level 10. HP: 66/86 MP: 9/9
  5673 | D:9      | Reached skill level 11 in Axes
  5690 | D:9      | Noticed a cyclops
  5718 | D:9      | Killed a cyclops
  5749 | D:9      | Noticed Maurice
  5777 | D:9      | Killed Maurice
  5786 | D:9      | Found a flagged portal.
  5795 | Bailey   | Entered a bailey
  5797 | Bailey   | Reached * piety under Ashenzari
  6128 | Bailey   | Identified the +6 plate armour of the Three Defenders {Harm
                  | rC- Int+4}
  6403 | D:9      | Reached ** piety under Ashenzari
  6448 | D:9      | Reached skill level 12 in Axes
  6617 | D:9      | Found an iron altar of Okawaru.
  6648 | D:9      | Found a white marble altar of Elyvilon.
  7066 | D:10     | Entered Level 10 of the Dungeon
  7075 | D:10     | Reached XP level 11. HP: 95/95 MP: 10/10
  7087 | D:10     | Reached skill level 5 in Dodging
  7127 | D:10     | Noticed Grum
  7133 | D:10     | Reached skill level 10 in Shields
  7141 | D:10     | Killed Grum
  7183 | D:10     | Noticed Nergalle
  7196 | D:10     | Killed Nergalle
  7197 | D:10     | Reached skill level 10 in Armour
  7223 | D:10     | Found a stormy altar of Qazlal.
  7321 | D:10     | Noticed Snorg
  7331 | D:10     | HP: 4/97 [Snorg (13)]
  7332 | D:10     | Mangled by Snorg

Illustrated notes

Levels and vault maps discovered:
D:1:      erik_arrival_triangle_large, layout_basic, minmay_indecisive_spiral
D:2:      layout_basic
D:3:      layout_rooms, kennysheep_slug_shrine, minmay_misc_feat_nine_boxes,
          chequers_arboretum, nrook_mini_backslash
D:4:      layout_cave_pools, nicolae_overflow_crystal_walls,
          kennysheep_generic_room_4
D:5:      layout_basic, zin_scriptorium, hangedman_minor_gate_pass
D:6:      layout_loops_ring, serial_shops, shop_statue, uniq_grinder
D:7:      layout_rooms, minmay_temple_entry_waves
D:8:      layout_rooms, grunt_lair_entry_orc_guard_hut,
          nicolae_underground_beach
D:9:      layout_loops_corners, mainiacjoe_overflow_two_lobes, enter_bailey_2,
          minmay_checkerbox, uniq_maurice
D:10:     layout_basic, lemuel_tele_altar, gammafunk_ghost_spectres,
          serial_park_tiny_pond, uniq_nergalle, uniq_grum, uniq_snorg
Temple:   regret_index_temple_sphere_string

Skill      XL: |  1  2  3  4  5  6  7  8  9 10 11 |
---------------+----------------------------------+-----
Armour         | 4 5 6 7 8 9 10 | 10.0
Fighting       | 4 5 6 7 8 9 |  9.2
Shields        | 4 5 7 8 9 10 | 10.0
Axes           | 3 4 5 7 8 10 12 | 12.7
Dodging        | 1 2 3 4 5 |  5.2
Throwing       | |  0.6
Stealth        | |  0.2
Evocations     | |  0.7

Action                   |  1- 3 |  4- 6 |  7- 9 | 10-12 || total
-------------------------+-------+-------+-------+-------++-------
Melee: War axe           |    81 |   147 |   235 |   204 ||   667
       Headbutt          |    10 |    27 |    62 |    69 ||   168
Throw: Dart              |       |     3 |     5 |       ||     8
Invok: Curse Item        |       |       |       |     4 ||     4
Evoke: Wand              |       |       |       |     7 ||     7
  Use: Scroll            |       |     5 |     4 |       ||     9
       Potion            |       |       |     1 |     3 ||     4
Armor: Scale mail        |    33 |    88 |    55 |       ||   176
       Chain mail        |       |       |    64 |    71 ||   135
Dodge: Dodged            |    23 |    40 |    88 |   102 ||   253
Block: Kite shield       |    48 |   103 |   167 |   162 ||   480
